 Dungeon Sprint DCSS version 0.21-a0-278-ga722497 (webtiles) character file.

5861 potatolord6000 the Severer (level 10, -7/104 HPs)
             Began as a Hill Orc Monk on Sept 20, 2017.
             Was the Champion of Beogh.
             Mangled by a spriggan berserker
             ... wielding a +0 war axe
              (30 damage)
             ... in the Dungeon (Sprint VII: "The Pits").
             The game lasted 00:06:06 (1942 turns).

potatolord6000 the Severer (Hill Orc Monk)          Turns: 1942, Time: 00:06:06

Health: -7/104     AC: 20    Str: 18    XL:     10   Next: 81%
Magic:  13/21      EV: 11    Int: 10    God:    Beogh [******]
Gold:   0          SH:  0    Dex: 16    Spells: 9/9 levels left

rFire    . . .     SeeInvis .   s - +2 war axe (freeze)
rCold    . . .     Gourm    .   (no shield)
rNeg     . . .     Faith    .   r - +3 plate armour
rPois    .         Spirit   .   q - +0 helmet
rElec    .         Reflect  .   (no cloak)
rCorr    .         Harm     .   (no gloves)
MR       .....     NoTele   +   (no boots)
Stlth    ..........             (no amulet)
HPRegen  0.27/turn              b - +3 ring of dexterity
MPRegen  0.17/turn              p - +3 ring of evasion

@: very slightly contaminated
A: walk on water
a: Smiting, Recall Orcish Followers, Give Item to Named Follower, Resurrection,
Renounce Religion


You were in the Dungeon.
You worshipped Beogh.
Beogh was exalted by your worship.
You were not hungry.

You visited 1 branch

Inventory:

Hand Weapons
 j - a +2 hand axe of flaming
 s - a +2 war axe of freezing (weapon)
 t - a +2 scimitar of flaming
 u - a +4 quarterstaff of speed
 v - a +2 dire flail of crushing
 w - a +2 rapier of draining
 x - a +2 halberd of flaming
Armour
 q - a +0 helmet (worn)
 r - a +3 plate armour (worn)
Jewellery
 b - a +3 ring of dexterity (left hand)
 p - a +3 ring of evasion (right hand)
Scrolls
 k - 3 scrolls of remove curse
 l - 5 scrolls of amnesia
 m - a scroll of summoning
Potions
 d - 6 potions of curing
 e - a potion of heal wounds
 f - a potion of brilliance
 g - 4 potions of magic
 h - 4 potions of berserk rage
Comestibles
 c - 8 bread rations
 n - 40 fruits
 o - 6 meat rations


   Skills:
 + Level 14.9 Fighting
 + Level 16.2 Axes
 + Level 13.5 Armour
 - Level 2.4 Dodging
 - Level 1.5 Stealth
 + Level 15.5 Invocations


You had 9 spell levels left.
You didn't know any spells.

Dungeon Overview and Level Annotations

Branches:
Dungeon (1/1)

Altars:
Ashenzari
Cheibriados
Dithmenos
Elyvilon
Fedhas
Gozag
Hepliaklqana
Kikubaaqudgha
Makhleb
Nemelex Xobeh
Okawaru
Qazlal
Ru
Sif Muna
Trog
Uskayaw
Vehumet
Wu Jian
Xom
Yredelemnul
Zin
The Shining One
Beogh
Jiyva
Lugonu


Message History

The wolf spider hits you but does no damage.
The wolf spider bites you but does no damage.
Unknown command.
Blink to where?
Press: ? - help, Dir - move target cursor You are very lightly contaminated with residual magic.
As you read the scroll of blinking, it crumbles to dust.
You feel very sick.
You feel better.
The spriggan berserker rages.
You feel much better.
The spriggan berserker hits you with a war axe!! x2
* * * LOW HITPOINT WARNING * * *
Aiming: Smiting
Press: ? - help, Dir - move target cursor, f - spriggan berserker Smite: a spriggan berserker, wielding a war axe and wearing an animal skin (berserk, fast, unusually strong)
You smite the spriggan berserker!
The spriggan berserker is moderately wounded.
The spriggan berserker hits you with a war axe!!
You die...

###''###### .##''############
##########
.##....(.)..'...###........ .
.##.....(().'.....##...... ..
.##.....##).##.....##....# .#
.##.).###....###....#....# 4.
.##.(##...รท[...###.###..#
.#.#.
.##++#...#..#...#....#.c#e..[..
###.............@iYs.SWW'S.....
###'(#...#..#...#....#ne#..tr..
[##..##........###)###H.# .#.#.
[##...###....###....#....# ..
.##.....##..##.....##...(# .#
.###.....+..'.....##...... ..
.# ###...+..'...###........ .
## ############ ##########


You could see a death yak (berserk), a sea snake, a wolf spider, a spriggan
berserker (berserk), a freezing wraith, a deep elf mage, a bog body, a shadow
and a centaur.

Vanquished Creatures
  A vampire mage (D)
  A death yak (D)
  A shadow wraith (D)
  A flayed ghost (D)
  A lindwurm (D)
  A spiny frog (D)
  A kobold demonologist (D)
  A guardian mummy (D)
  2 red devils (D)
  2 hippogriffs (D)
  A bog body (D)
  Edmund (D)
  2 porcupines (D)
  2 phantoms (D)
  An eye of draining (D)
  A centaur (D)
  A wolf (D)
  A crocodile (D)
  2 big kobolds (D)
  7 wights (D)
  2 crimson imps (D)
  A hound (D)
  An iguana (D)
  A mummy (D)
  2 gnolls (D)
  A white imp (D)
  An ooze (D)
  An ufetubus (D)
  2 orcs (D)
  A bat (D)
  A giant cockroach (D)
  A goblin (D)
  5 jackals (D)
  3 kobolds (D)
  A quokka (D)
  2 frilled lizards (D)
  A quokka skeleton (D)
58 creatures vanquished.

Notes
Turn   | Place    | Note
-------+----------+-------------------------------------------
     0 | D        | potatolord6000 the Hill Orc Monk began the quest for the Orb.
     0 | D        | Reached XP level 1. HP: 19/19 MP: 1/1
    25 | D        | Reached skill level 1 in Armour
    56 | D        | Found a bloodstained altar of Trog.
    56 | D        | Found a deep blue altar of Sif Muna.
    56 | D        | Found a viscous altar of Jiyva.
    56 | D        | Found a hazy altar of Hepliaklqana.
    56 | D        | Found an opulent altar of Gozag.
    57 | D        | Found a glowing golden altar of the Shining One.
    57 | D        | Found a glowing silver altar of Zin.
    57 | D        | Found a basalt altar of Yredelemnul.
    57 | D        | Found a shimmering altar of Xom.
    57 | D        | Found an ornate altar of the Wu Jian Council.
    57 | D        | Found a sacrificial altar of Ru.
    57 | D        | Found a stormy altar of Qazlal.
    57 | D        | Found an iron altar of Okawaru.
    57 | D        | Found a sparkling altar of Nemelex Xobeh.
    57 | D        | Found a burning altar of Makhleb.
    57 | D        | Found a blossoming altar of Fedhas.
    57 | D        | Found a white marble altar of Elyvilon.
    57 | D        | Found a shadowy altar of Dithmenos.
    57 | D        | Found a snail-covered altar of Cheibriados.
    59 | D        | Found a radiant altar of Vehumet.
    59 | D        | Found a corrupted altar of Lugonu.
    59 | D        | Found a roughly hewn altar of Beogh.
    61 | D        | Found an ancient bone altar of Kikubaaqudgha.
    61 | D        | Found a hide-covered altar of Uskayaw.
    61 | D        | Found a shattered altar of Ashenzari.
    71 | D        | Became a worshipper of Beogh the Brigand
    71 | D        | Reached * piety under Beogh
    71 | D        | Reached ** piety under Beogh
   182 | D        | Reached skill level 1 in Invocations
   246 | D        | Reached *** piety under Beogh
   246 | D        | Reached XP level 2. HP: 24/28 MP: 1/3
   268 | D        | Noticed Edmund
   274 | D        | Reached skill level 5 in Axes
   292 | D        | Killed Edmund
   292 | D        | Reached **** piety under Beogh
   292 | D        | Reached skill level 7 in Axes
   292 | D        | Reached skill level 5 in Armour
   292 | D        | Reached skill level 5 in Invocations
   292 | D        | Reached XP level 3. HP: 18/38 MP: 0/7
   292 | D        | Reached XP level 4. HP: 21/45 MP: 0/8
   292 | D        | Reached XP level 5. HP: 24/51 MP: 0/9
   516 | D        | Reached ***** piety under Beogh
   516 | D        | Reached skill level 8 in Axes
   517 | D        | Noticed a phantom
   546 | D        | Killed a phantom
   546 | D        | Reached skill level 9 in Axes
   546 | D        | Reached XP level 6. HP: 62/62 MP: 11/11
   564 | D        | Reached skill level 10 in Axes
   578 | D        | Reached XP level 7. HP: 53/70 MP: 12/14
   791 | D        | Noticed a red devil
   793 | D        | Killed a red devil
   793 | D        | Reached skill level 10 in Fighting
   793 | D        | Reached skill level 11 in Axes
   793 | D        | Reached skill level 10 in Invocations
   935 | D        | Noticed a red devil
   935 | D        | Noticed a death yak
   944 | D        | Killed a red devil
   944 | D        | Reached skill level 12 in Axes
   944 | D        | Reached XP level 8. HP: 52/82 MP: 12/16
   950 | D        | Killed a death yak
   950 | D        | Reached skill level 13 in Axes
   950 | D        | Reached skill level 10 in Armour
  1184 | D        | Noticed a hippogriff
  1184 | D        | Noticed a flayed ghost
  1184 | D        | Noticed a kobold demonologist
  1187 | D        | Killed a flayed ghost
  1187 | D        | Reached XP level 9. HP: 80/92 MP: 11/18
  1200 | D        | Killed a kobold demonologist
  1200 | D        | Reached skill level 14 in Axes
  1204 | D        | Killed a shadow wraith
  1204 | D        | Reached ****** piety under Beogh
  1212 | D        | Reached XP level 10. HP: 65/101 MP: 7/20
  1232 | D        | Reached skill level 15 in Axes
  1555 | D        | HP: 3/103 [bog body/bolt of cold (18)]
  1579 | D        | Noticed a lindwurm
  1580 | D        | Killed a lindwurm
  1580 | D        | Reached skill level 15 in Invocations
  1867 | D        | Noticed a spiny frog
  1874 | D        | Killed a spiny frog
  1933 | D        | Noticed a wolf spider
  1933 | D        | Noticed a spriggan berserker
  1935 | D        | Noticed a death yak
  1935 | D        | Noticed a deep elf mage
  1935 | D        | Noticed a sea snake
  1935 | D        | Noticed a vampire mage
  1937 | D        | Killed a vampire mage
  1937 | D        | Reached skill level 16 in Axes
  1942 | D        | Mangled by a spriggan berserker

Vault maps used:
D:        pitsprint

Skill      XL: |  1  2  3  4  5  6  7  8  9 10 |
---------------+-------------------------------+-----
Armour         | 2 5 6 7 9 11 12 13 | 13.5
Fighting       | 4 6 8 9 11 12 13 14 | 14.9
Invocations    | 1 5 7 9 11 12 14 15 | 15.5
Axes           | 7 9 10 12 13 14 16 | 16.2
Dodging        | |  2.4
Stealth        | |  1.5

Action                   |  1- 3 |  4- 6 |  7- 9 | 10-12 || total
-------------------------+-------+-------+-------+-------++-------
Melee: Hand axe          |    48 |    59 |    32 |       ||   139
       War axe           |       |       |    18 |    49 ||    67
Invok: Smiting           |     1 |       |    11 |    10 ||    22
  Use: Potion            |     3 |       |     4 |    10 ||    17
       Scroll            |       |       |       |     1 ||     1
 Stab: Invisible         |     4 |       |     7 |       ||    11
  Eat: Meat ration       |       |       |     1 |       ||     1
Armor: Robe              |     3 |       |       |       ||     3
       Chain mail        |       |    30 |     7 |       ||    37
       Plate armour      |       |       |    49 |    79 ||   128
Dodge: Dodged            |    38 |    19 |    42 |    60 ||   159

Table legend:
 A = Spawn XP
 B = Non-spawn XP
 C = Spawn XP percentage of total XP
 D = Spawn monster count
 E = Non-spawn monster count
 F = Spawn count percentage of total count
 G = Total turns spent on level
                    A         B        C        D         E        F      G
               +---------+---------+-------+---------+---------+-------+---------
         Total |       0 |    8374 |   0.0 |       0 |      58 |   0.0 |  1942
               +---------+---------+-------+---------+---------+-------+---------
             D |       0 |    8374 |   0.0 |       0 |      58 |   0.0 |  1942
               +---------+---------+-------+---------+---------+-------+---------
